 Dungeon Crawl Stone Soup version 0.18-a0-1243-g9e52518 (webtiles) character file.

20154 M4edhros the Covert (level 12, -10/63 HPs)
             Began as an Octopode Artificer on Feb 5, 2016.
             Was a High Priest of Fedhas.
             Killed from afar by Frances (69 damage)
             ... with an iron shot
             ... on level 1 of the Elven Halls.
             The game lasted 00:41:20 (15052 turns).

M4edhros the Covert (Octopode Artificer)           Turns: 15052, Time: 00:41:20

Health: -10/63     AC:  1    Str: 12      XL:     12   Next: 76%
Magic:  28/28      EV: 22    Int: 16 (18) God:    Fedhas [*****.]
Gold:   1203       SH: 17    Dex: 15      Spells: 0 memorised, 11 levels left

rFire  . . .     SeeInvis .     H - +5 war axe "Giantslayer" {venom, rPois}
rCold  . . .     Gourm    .     C - +3 shield {reflect}
rNeg   . . .     Faith    .     (helmet restricted)
rPois  +         Spirit   .     v - +5 amulet of reflection
rElec  .         Dismiss  .     n - ring of resist corrosion
rCorr  +         Reflect  +     B - ring of magical power
SustAt .         Harm     .     u - ring of poison resistance
MR     .....                    (no ring)
Stlth  ++++++++..               (no ring)
                                (no ring)
                                (no ring)
                                (no ring)

@: agile, about to teleport, not resistant to hostile enchantments,
extraordinarily stealthy
A: almost no armour, amphibious, 8 rings, constrict 8, camouflage 1, blurry
vision 1, clumsy 2, frail 1, sense surroundings 2, screaming 1, strong 1, wild
magic 1, gelatinous body 1
a: Evolution, Sunlight, Growth, Reproduction, Rain, Renounce Religion


You were on level 1 of the Elven Halls.
You worshipped Fedhas.
Fedhas was extremely pleased with you.
You were not hungry.

You visited 4 branches of the dungeon, and saw 16 of its levels.
You also visited: Sewer.

You collected 1223 gold pieces.
You spent 20 gold pieces at shops.

Inventory:

Hand Weapons
 e - a +2 dagger of draining
 g - a +0 whip of electrocution
 i - a +4 hunting sling of flaming
 H - the +5 war axe "Giantslayer" (weapon) {venom, rPois}
   (You found it on level 11 of the Dungeon)

   It poisons the flesh of those it strikes.
   It protects you from poison.
 K - a +2 spear of freezing
Missiles
 h - 229 stones (quivered)
 l - 4 javelins
 D - 46 sling bullets
 Q - 8 curare-tipped needles
Armour
 C - a +3 shield of reflection (worn)
 L - a +1 buckler
Rods
 E - a +1 rod of clouds (9/14)
   (You took it off a centaur on level 11 of the Dungeon)
Jewellery
 n - a ring of resist corrosion (left tentacle)
 t - an uncursed ring of ice
 u - a ring of poison resistance (on tentacle)
 v - a +5 amulet of reflection (around mantle)
 B - a ring of magical power (right tentacle)
 X - an uncursed amulet of dismissal {unknown}
Wands
 b - a wand of flame (4/48)
 c - a wand of enslavement (4/24)
 d - a wand of random effects (38/48)
 p - a wand of paralysis (6/24)
 F - a wand of random effects (11/48)
 M - a wand of digging (12/24)
 Y - a wand of iceblast (9/15)
 Z - a wand of acid (0/15)
Scrolls
 a - 2 scrolls of recharging
 k - 3 scrolls of magic mapping
 m - 4 scrolls of immolation
 w - 4 scrolls of teleportation
 y - 7 scrolls of fog
 G - 2 scrolls of noise
 J - 2 scrolls of fear
 S - 3 scrolls of identify
 V - a scroll of amnesia
 W - a scroll of acquirement {unknown}
Potions
 j - 6 potions of curing
 q - a potion of cancellation {unknown}
 s - 2 potions of magic
 x - a potion of haste
 z - 2 potions of heal wounds
 U - 2 potions of brilliance {unknown}
Books
 r - Sif Muna's Tome of the Glacier
   (You found it on level 4 of the Dungeon)

   Spells                             Type                      Level
   a - Freeze                         Ice                          1
 N - a book of Ice

   Spells                             Type                      Level
   a - Ice Form                       Ice/Transmutation            4
   b - Metabolic Englaciation         Hexes/Ice                    5
   c - Ozocubu's Refrigeration        Ice                          6
   d - Bolt of Cold                   Conjuration/Ice              6
   e - Freezing Cloud                 Conjuration/Ice/Air          6
   f - Simulacrum                     Ice/Necromancy               6
 P - a book of Death

   Spells                             Type                      Level
   a - Corpse Rot                     Necromancy                   2
   b - Sublimation of Blood           Necromancy                   2
   c - Agony                          Necromancy                   5
   d - Dispel Undead                  Necromancy                   5
   e - Excruciating Wounds            Charms/Necromancy            5
   f - Bolt of Draining               Conjuration/Necromancy       5
 R - a Young Poisoner's Handbook

   Spells                             Type                      Level
   a - Sting                          Conjuration/Poison           1
   b - Cure Poison                    Poison                       2
   c - Mephitic Cloud                 Conjuration/Poison/Air       3
   d - Olgreb's Toxic Radiance        Poison                       4
   e - Venom Bolt                     Conjuration/Poison           5
Comestibles
 f - 7 bread rations
 o - 30 fruits
 T - a beef jerky


   Skills:
 + Level 1.8 Fighting
 - Level 1.0 Short Blades
 - Level 10.4 Slings
 + Level 10.0 Dodging
 - Level 11.9 Stealth
 * Level 5.9 Shields
 + Level 8.1 Invocations
 * Level 9.5 Evocations


You had 11 spell levels left.
You didn't know any spells.

Dungeon Overview and Level Annotations

Branches:
Dungeon (12/15)            Temple (1/1) D:5            Lair (0/8) D:9
    Orc (2/2) D:12            Elf (1/3) Orc:2

Altars:
Ashenzari
Cheibriados
Dithmenos
Elyvilon
Fedhas
Gozag
Kikubaaqudgha
Makhleb
Nemelex Xobeh
Okawaru
Pakellas
Qazlal
Ru
Sif Muna
Trog
Vehumet
Xom
Yredelemnul
Zin
The Shining One

Shops:
D:5 =   D:6 *   D:11 :   D:12 [   Orc:2 *:[(

Annotations:
Elf:1 Frances


Innate Abilities, Weirdness & Mutations

You cannot wear most types of armour.
You are amphibious.
You can wear up to eight rings at the same time.
You can use your tentacles to constrict eight enemies at once.
Your skin changes colour to match your surroundings (Stealth).
Your rubbery body absorbs attacks (AC +1).
Scrolls take you a little longer to read.
You are very clumsy. (Dex -4)
You are frail (-10% HP).
You passively map the area around you.
You occasionally shout uncontrollably at your foes.
Your muscles are strong. (Str +2)
Your spells are a little harder to cast, but a little more powerful.


Message History

The hellwing swoops through the air toward you!
You block the hellwing's attack. x2
The neqoxec gestures.
As you read the scroll of teleportation, it crumbles to dust.
You feel strangely unstable.
Unknown command.
Read which item? (? for menu, Esc to quit)
Okay, then.
Evoke which item? (* to show all) (? for menu, Esc to quit)
Zapping:
c - a wand of enslavement (4/24)
Press: ? - help, Shift-Dir - straight line, f - hellwing, p - neqoxec
Aim: a hellwing (corpse armoured, summoned, chance to defeat MR: 31%)
Okay, then.
Drink which item? (? for menu, Esc to quit)
You feel agile all of a sudden.
Frances screams a word of power!
The iron shot hits you!
Ouch! That really hurt!
You die...
Fedhas appreciates your contribution to the ecosystem.

* #§# #.#
#.... *
#.# #.#
#.... * **
#§#
#.####....
*, #4#
#....#....
, #5#
####......
, , #5#
#.....8 ,
** #3#
#...... ,
* #@#
###....
,,,, , #@#
#.... *
#4# #....
, ,..#
#.... , *
* ####
##..# *,
#..# , * *
*##.# * ,,
, ### , ,
* * ,* , *
, * *


You could see Frances, 2 hellwings, a neqoxec and 2 shadow imps.

Vanquished Creatures
  2 orc high priests (Orc:2)
  2 unseen horrors (D:12)
  A hill giant (D:11)
  A cyclops (D:11)
  4 deep elf magi (Elf:1)
  A centaur skeleton (D:12)
  2 two-headed ogres (D:12)
  A slime creature (D:12)
  A wraith (D:11)
  2 yaks (D:10)
  2 hippogriffs
  A vampire mosquito (D:12)
  Menkaure (D:7)
  2 wargs (Orc:2)
  2 water moccasins (D:7)
  10 orc warriors
  A phantom (D:10)
  3 ogres
  3 sky beasts
  9 centaurs
  3 big kobolds
  9 giant frogs
  A gnoll sergeant (D:8)
  A water moccasin skeleton (D:8)
  3 scorpions (D:4)
  5 wights
  4 killer bees
  4 crimson imps
  A gnoll shaman (D:10)
  A jelly (D:8)
  5 orc wizards
  13 orc priests
  4 giant frog skeletons
  6 hounds
  Ijyb (D:2)
  11 worker ants
  6 iguanas
  A sheep (D:11)
  2 hound zombies
  2 hound skeletons
  13 adders
  3 river rats (Sewer)
  15 gnolls
  A shadow imp (D:8)
  4 oozes
  7 worms
  3 giant geckos
  41 orcs
  2 ball pythons
  6 bats
  7 giant cockroaches
  6 goblins
  7 hobgoblins
  9 jackals
  21 kobolds
  9 quokkas
  A giant gecko skeleton (D:4)
  4 giant newts
  7 rats
  A toadstool (Orc:1)
301 creatures vanquished.

Vanquished Creatures (collateral kills)
  Donald (Orc:2)
  An orc warlord (Orc:2)
  2 orc high priests (Orc:2)
  An unseen horror (D:11)
  3 orc knights (Orc:2)
  5 orc sorcerers (Orc:2)
  Psyche (D:9)
  2 centaur skeletons
  A two-headed ogre (D:12)
  2 trolls
  2 slime creatures (D:12)
  2 yaks
  A vampire (D:12)
  3 vampire mosquitoes (D:12)
  A hippogriff (D:10)
  5 wargs
  A sky beast (D:10)
  21 orc warriors
  2 ice beasts
  2 ogres
  A centaur (D:8)
  A giant frog (D:12)
  An earth elemental (Orc:2)
  A gnoll sergeant (D:9)
  A scorpion (D:4)
  3 killer bees (D:12)
  3 wights
  A hound (D:6)
  7 orc priests
  6 orc wizards
  A giant frog skeleton (D:6)
  3 worker ants
  7 gnolls
  An adder (D:8)
  A shadow imp (D:8)
  An adder skeleton (D:6)
  20 orcs
  A bat (D:2)
  A giant cockroach (D:4)
  A hobgoblin (D:2)
  A quokka (D:11)
122 creatures vanquished.

Vanquished Creatures (others)
  An oklob plant (Orc:2)
  12 wandering mushrooms
  A wasp zombie (D:9)
  A killer bee zombie (D:9)
  A sheep (D:11)
  2 worker ant zombies
  A giant cockroach zombie (D:6)
  6 fungi (Orc:2)
  2 giant spores (D:11)
  3 plants
  358 toadstools
388 creatures vanquished.

Grand Total: 811 creatures vanquished

Notes
Turn   | Place    | Note
--------------------------------------------------------------
     0 | D:1      | M4edhros the Octopode Artificer began the quest for the Orb.
     0 | D:1      | Reached XP level 1. HP: 13/13 MP: 3/3
    50 | D:1      | Reached XP level 2. HP: 8/18 MP: 4/4
   303 | D:2      | Reached XP level 3. HP: 21/23 MP: 5/5
   402 | D:2      | Found a faded altar to an unknown god.
  1098 | D:4      | Reached XP level 4. HP: 21/28 MP: 6/6
  1243 | D:4      | Reached skill level 4 in Stealth
  1243 | D:4      | Reached XP level 5. HP: 23/33 MP: 7/7
  1319 | D:4      | Reached skill level 5 in Stealth
  1320 | D:4      | Reached XP level 6. HP: 25/38 MP: 7/9
  1635 | D:4      | Reached skill level 6 in Stealth
  1898 | D:4      | Found a deep blue altar of Sif Muna.
  1912 | D:4      | Reached skill level 5 in Dodging
  1912 | D:4      | Reached XP level 7. HP: 24/43 MP: 10/10
  1914 | D:4      | Identified Sif Muna's Tome of the Glacier
  1988 | D:4      | Found an iron altar of Okawaru.
  2199 | D:5      | Entered Level 5 of the Dungeon
  2239 | D:5      | Found a staircase to the Ecumenical Temple.
  2249 | Temple   | Entered the Ecumenical Temple
  2288 | Temple   | Became a worshipper of Xom of Chaos
  2317 | D:5      | XOM: potion effect (brilliance)
  2416 | D:5      | XOM: harmless Erth miscast
  2631 | D:6      | Reached skill level 7 in Stealth
  2653 | D:6      | XOM: smoke on damage
  2679 | D:6      | Found Guifal's General Store.
  2729 | D:6      | Reached skill level 5 in Evocations
  2739 | D:6      | Found a glowing silver altar of Zin.
  2848 | D:6      | Found a blossoming altar of Fedhas.
  2870 | D:6      | XOM: summons 7 friendly demons
  2907 | D:6      | Found a glowing drain.
  2952 | D:6      | XOM: summons friendly shadow imp
  2986 | D:6      | Reached skill level 8 in Stealth
  2986 | D:6      | Reached XP level 8. HP: 31/48 MP: 11/11
  3000 | D:6      | Fell from the grace of Xom
  3000 | D:6      | Became a worshipper of Fedhas Madash
  3036 | Sewer    | Entered a sewer
  3203 | Sewer    | XOM: stat loss: -1 Str (9/10)
  3393 | Sewer    | XOM: noise
  3420 | Sewer    | Reached * piety under Fedhas
  3502 | Sewer    | XOM: mild Chrm miscast
  3586 | D:4      | XOM: give mutations
  3586 | D:4      | Gained mutation: Scrolls take you a little longer to read. [Xom's mischief]
  3586 | D:4      | Gained mutation: You passively map a small area around you. [Xom's mischief]
  3586 | D:4      | Gained mutation: Your body sometimes deteriorates upon taking damage. [Xom's mischief]
  3858 | D:2      | Reached skill level 9 in Stealth
  4246 | D:1      | XOM: summons 5 hostile demons
  4306 | D:1      | XOM: mild Tloc miscast
  4537 | D:1      | XOM: give mutations
  4537 | D:1      | Gained mutation: You occasionally shout uncontrollably at your foes. [Xom's mischief]
  4537 | D:1      | Gained mutation: You are clumsy. (Dex -2) [Xom's mischief]
  4537 | D:1      | Lost mutation: Your body sometimes deteriorates upon taking damage. [Xom's mischief]
  4537 | D:1      | Gained mutation: You are frail (-10% HP). [Xom's mischief]
  4599 | D:1      | XOM: give mutations
  4599 | D:1      | Gained mutation: Your body sometimes deteriorates upon taking damage. [Xom's mischief]
  4599 | D:1      | Lost mutation: Scrolls take you a little longer to read. [Xom's mischief]
  4599 | D:1      | Lost mutation: Your body sometimes deteriorates upon taking damage. [Xom's mischief]
  4667 | D:1      | Reached ** piety under Fedhas
  4848 | D:2      | Reached skill level 1 in Slings
  4887 | D:2      | Found a basalt altar of Yredelemnul.
  5005 | D:2      | Noticed Ijyb
  5011 | D:2      | Killed Ijyb
  5011 | D:2      | Reached skill level 1 in Invocations
  5171 | D:2      | XOM: give mutations
  5171 | D:2      | Gained mutation: Your spells are a little harder to cast, but a little more powerful. [Xom's mischief]
  5171 | D:2      | Gained mutation: Scrolls take you a little longer to read. [Xom's mischief]
  5171 | D:2      | Gained mutation: Your muscles are strong. (Str +2) [Xom's mischief]
  5171 | D:2      | Lost mutation: Scrolls take you a little longer to read. [Xom's mischief]
  5195 | D:3      | XOM: polymorph wandering mushroom -> wandering mushroom
  5965 | D:5      | Found Ifromest's Jewellery Boutique.
  5970 | D:5      | Bought a cursed amulet of inaccuracy for 20 gold pieces
  6046 | D:5      | XOM: god gift: encrusted brass wand {god gift}
  6230 | D:6      | Found an opulent altar of Gozag.
  6323 | D:6      | XOM: chaos upgrade
  6373 | D:6      | XOM: medium Tloc miscast
  6422 | D:6      | XOM: give mutation
  6422 | D:6      | Gained mutation: Scrolls take you a little longer to read. [Xom's mischief]
  6474 | D:6      | Found a sparkling altar of Nemelex Xobeh.
  6603 | D:7      | Reached XP level 9. HP: 38/47 MP: 13/13
  6607 | D:7      | Noticed Menkaure
  6613 | D:7      | Killed Menkaure
  6624 | D:7      | XOM: 3-stop teleportation journey
  6885 | D:7      | Found a blossoming altar of Fedhas.
  6915 | D:7      | Noticed an oklob plant
  6998 | D:7      | XOM: medium Pois miscast
  7069 | D:7      | Reached *** piety under Fedhas
  7242 | D:7      | Reached skill level 10 in Stealth
  7542 | D:8      | Reached skill level 5 in Slings
  8051 | D:9      | Reached **** piety under Fedhas
  8061 | D:9      | Reached XP level 10. HP: 25/52 MP: 14/14
  8247 | D:9      | Found a staircase to the Lair.
  8370 | D:9      | Found a sparkling altar of Nemelex Xobeh.
  8417 | D:9      | Noticed Psyche
  8426 | D:9      | Killed Psyche
  8426 | D:9      | Reached skill level 5 in Invocations
  8488 | D:9      | Found a blossoming altar of Fedhas.
  8572 | D:9      | XOM: mild Fire miscast
  8614 | D:9      | Reached skill level 11 in Stealth
  8668 | D:9      | Found a glowing golden altar of the Shining One.
  8894 | D:10     | Entered Level 10 of the Dungeon
  9150 | D:10     | XOM: mild Trmt miscast
  9271 | D:10     | XOM: medium Air miscast
  9475 | D:10     | Reached skill level 1 in Shields
  9578 | D:10     | XOM: medium Ice miscast
  9690 | D:10     | Reached ***** piety under Fedhas
  9721 | D:10     | Lost mutation: Scrolls take you a little longer to read. [mutagenic meat]
  9722 | D:10     | Gained mutation: Scrolls take you a little longer to read. [mutagenic meat]
  9723 | D:10     | Gained mutation: You are very clumsy. (Dex -4) [mutagenic meat]
  9724 | D:10     | Gained mutation: You passively map the area around you. [mutagenic meat]
  9850 | D:11     | XOM: noise
  9896 | D:11     | Noticed a cyclops
  9908 | D:11     | Killed a cyclops
 10013 | D:11     | Noticed an unseen horror
 10021 | D:11     | Killed an unseen horror
 10021 | D:11     | Reached XP level 11. HP: 22/56 MP: 15/15
 10178 | D:11     | XOM: cast spell 'Dragon Form'
 10277 | D:11     | Found Oxyoral's Book Boutique.
 10281 | D:11     | Got a fine war axe
 10282 | D:11     | Identified the +5 war axe "Giantslayer" {venom, rPois} (You found it on level 11 of the Dungeon)
 10335 | D:11     | Noticed a hill giant
 10347 | D:11     | Identified a +1 rod of clouds (14/14) (You took it off a centaur on level 11 of the Dungeon)
 10357 | D:11     | Killed a hill giant
 10992 | D:12     | Noticed an unseen horror
 11001 | D:12     | Killed an unseen horror
 11140 | D:12     | XOM: mild Divn miscast
 11428 | D:12     | Found a staircase to the Orcish Mines.
 11434 | D:12     | Found Cetal's Armour Boutique.
 11793 | D:12     | Noticed an unseen horror
 11813 | D:12     | Killed an unseen horror
 11901 | D:12     | XOM: mild Necr miscast
 12119 | D:12     | XOM: medium Divn miscast
 12480 | Orc:1    | Entered Level 1 of the Orcish Mines
 12671 | Orc:1    | XOM: noise
 12681 | Orc:2    | Entered Level 2 of the Orcish Mines
 12706 | Orc:2    | Noticed an orc high priest
 12735 | Orc:2    | Killed an orc high priest
 12749 | Orc:2    | Noticed an orc sorcerer
 12752 | Orc:2    | Killed an orc sorcerer
 12784 | Orc:2    | Reached XP level 12. HP: 60/60 MP: 17/17
 12795 | Orc:2    | Paralysed by an orc sorcerer for 7 turns
 13017 | Orc:2    | Found Qurargh's General Store.
 13056 | Orc:2    | Found Geaddoed's Book Shop.
 13107 | Orc:2    | XOM: mild Trmt miscast
 13107 | Orc:2    | Was forgiven by Xom
 13123 | Orc:2    | Found Varoza's Antique Weapon Shoppe.
 13141 | Orc:2    | Killed an orc high priest
 13141 | Orc:2    | Reached skill level 5 in Shields
 13149 | Orc:2    | Found Doohij's Antique Armour Shop.
 13162 | Orc:2    | Noticed an orc high priest
 13199 | Orc:2    | Reached skill level 10 in Slings
 13208 | Orc:2    | Noticed a soul eater
 13208 | Orc:2    | Noticed a soul eater
 13216 | Orc:2    | Killed an orc high priest
 13521 | Orc:2    | Noticed an orc warlord
 13584 | Orc:2    | Found a staircase to the Elven Halls.
 13711 | Orc:2    | Killed an orc warlord
 13734 | Orc:2    | Noticed an orc high priest
 13748 | Orc:2    | Killed an orc high priest
 13821 | Orc:2    | Noticed Donald
 13869 | Orc:2    | Killed Donald
 14535 | Elf:1    | Entered Level 1 of the Elven Halls
 14934 | Elf:1    | Reached skill level 10 in Dodging
 15023 | Elf:1    | Noticed Frances
 15052 | Elf:1    | Killed from afar by Frances

Vault maps used:
D:1:      scummos_arrival_forest
D:2:      marbit_many_paths, ecumenical_altar_2, grunt_decor_cap, uniq_iyjb
D:3:      first_bread, st_stairs_4
D:4:      lemuel_doored_altar, led_sif_book
D:5:      minmay_temple_entry_large_hall, serial_shops, kennysheep_little_box
D:6:      lemuel_crystal_altar, nicolae_gozag_seed_capital,
          kennysheep_mini_moat, serial_shops, nicolae_shop_waterfront,
          lightli_sewer_entry_pipes, grunt_ministairs_2, serial_park_tiny_2,
          nemelex_diamond_rough_becter
D:7:      tgw_fedhas, uniq_menkaure
D:9:      old_standard_altar, nicolae_tso_carved_into_rock,
          erik_lair_orcish_takeover, hangedman_tree_tricks, uniq_psyche
D:11:     serial_shops, nicolae_shop_stone, minmay_misc_feat_square,
          minivault_11
D:12:     orc_david_3
Temple:   circular_temple_12
Orc:1:    serial_shops, shop, uniq_josephine
Orc:2:    grunt_orc_gardens, grunt_orc_garden, grunt_orc_garden,
          grunt_orc_garden, grunt_orc_garden, uniq_donald
Elf:1:    eino_elf_arrival_shootout, minivault_28, uniq_frances
Sewer:    sewer_co_15_rooms

Action                   |  1- 3 |  4- 6 |  7- 9 | 10-12 || total
-------------------------+-------+-------+-------+-------++-------
Melee: Short sword       |     9 |       |       |       ||     9
       Whip              |    33 |    45 |   158 |       ||   236
       Dagger            |       |       |   108 |       ||   108
       War axe           |       |       |       |    13 ||    13
       Unarmed           |       |       |       |     3 ||     3
 Fire: Hunting sling     |       |       |   189 |   770 ||   959
Invok: Evolution         |       |       |     5 |    11 ||    16
       Sunlight          |       |       |       |    14 ||    14
       Reproduction      |       |       |       |     1 ||     1
       Growth            |       |       |       |     3 ||     3
       Rain              |       |       |       |     1 ||     1
Evoke: Wand              |     5 |     5 |    28 |     6 ||    44
       Rod               |       |       |       |     6 ||     6
  Use: Potion            |       |       |    12 |     3 ||    15
       Scroll            |       |       |    11 |    12 ||    23
 Stab: Sleeping          |     6 |     4 |    20 |       ||    30
       Distracted        |       |       |     1 |       ||     1
  Eat: Chunk             |       |     2 |     5 |     4 ||    11
       Meat ration       |       |       |     2 |     4 ||     6
       Royal jelly       |       |       |     2 |       ||     2
       Beef jerky        |       |       |       |     1 ||     1
       Pizza             |       |       |       |     1 ||     1
       Bread ration      |       |       |       |     1 ||     1
